AoeStats
← 布丁

Arena

506758174Analyzed
4v4 RM · 17d ago on Sep 15, 2026· 49m 58s· 8 players
Game mode
Random Map
Map size
Large (8 player)
Population
200
Speed
Normal
Resources
Standard
Victory
Conquest
Starting age
Dark Age
Ending age
Imperial Age
RankedLock teamsTeams togetherTeam positionsShared explorationLock speedFull tech treeHidden civsTurbo modeCheats
Victory
Defeat
🇺🇸 Turks · United States
922
+6
🇹🇼 Goths · Taiwan
871
+8
🇦🇷 Cumans · Argentina
856
+8
🇸🇬 Huns · Singapore
534
+22
🇨🇦 Spanish · Canada
755
-14
🇬🇧 Slavs · United Kingdom
753
-14
🇵🇪 Italians · Peru
679
-11
🇬🇧 Burmese · United Kingdom
474
-5
athmaniac
3:20 Loom
12:54 Feudal Age
18:49 Castle Age
25:21 Stone Mining
25:46 Scale Mail Armor
25:58 Forging
26:55 Chain Mail Armor
26:31 Double-Bit Axe
27:31 Horse Collar
28:31 Gold Mining
29:47 Iron Casting
29:45 Bow Saw
29:01 Pikeman
30:36 Squires
33:39 Gold Shaft Mining
33:49 Husbandry
34:23 Fortified Wall
34:09 Murder Holes
34:24 Masonry
38:15 Imperial Age
36:30 Detinets
38:41 Cavalier
39:20 Onager
41:19 Plate Mail Armor
41:50 Blast Furnace
43:53 Conscription
direoa01
12:57 Feudal Age
20:38 Arson
20:17 Man-at-Arms
22:48 Horse Collar
33:06 Wheelbarrow
38:54 Castle Age
40:03 Hand Cart
40:32 Fletching
42:02 Bodkin Arrow
42:08 Padded Archer Armor
42:24 Forging
42:45 Gambesons
43:01 Squires
43:35 Pikeman
43:36 Long Swordsman
43:45 Elite Skirmisher
vajamian
13:46 Feudal Age
14:25 Horse Collar
15:23 Wheelbarrow
14:54 Double-Bit Axe
19:09 Castle Age
18:14 Stone Mining
18:25 Gold Mining
20:06 Bow Saw
20:01 Heavy Plow
21:22 Hand Cart
22:31 Stone Shaft Mining
24:15 Fervor
26:46 Caravan
30:47 Pikeman
31:28 Squires
34:46 Imperial Age
32:30 Husbandry
33:20 Bloodlines
34:48 Scale Mail Armor
leonedu
8:56 Loom
11:16 Feudal Age
15:13 Castle Age
13:56 Stone Mining
14:29 Double-Bit Axe
15:52 Town Watch
18:44 Fletching
20:13 Wheelbarrow
19:39 Gold Mining
29:57 Bow Saw
33:14 Imperial Age
31:31 Fortified Wall
31:33 Masonry
31:46 Ballistics
33:31 Cavalier
35:59 Scale Barding Armor
36:05 Forging
44:48 Bodkin Arrow
46:59 Chain Barding Armor
47:27 Bloodlines
tequilamockingbird
12:09 Feudal Age
13:31 Double-Bit Axe
17:11 Castle Age
15:21 Horse Collar
15:55 Gold Mining
24:00 Padded Archer Armor
26:46 Imperial Age
26:18 Leather Archer Armor
Soldaris
1:49 Loom
9:46 Feudal Age
10:14 Double-Bit Axe
11:06 Wheelbarrow
10:33 Horse Collar
14:36 Gold Mining
14:54 Stone Mining
20:42 Castle Age
20:16 Fletching
21:35 Bow Saw
21:27 Heavy Plow
27:00 Ballistics
26:59 Murder Holes
29:08 Hand Cart
29:47 Gold Shaft Mining
30:24 Caravan
32:40 Bloodlines
32:31 Husbandry
37:05 Imperial Age
34:58 Bodkin Arrow
35:14 Forging
36:34 Scale Barding Armor
37:05 Iron Casting
37:18 Marauders
38:06 Sanctity
38:50 Two-Man Saw
38:13 Conscription
37:15 Elite Tarkan
40:02 Blast Furnace
39:23 Chain Barding Armor
39:05 Bracer
40:06 Padded Archer Armor
40:07 Scale Mail Armor
41:12 Chemistry
40:23 Masonry
41:32 Parthian Tactics
41:13 Thumb Ring
40:29 Heavy Cavalry Archer
43:51 Plate Barding Armor
43:34 Leather Archer Armor
布丁
1:07 Loom
13:03 Feudal Age
14:47 Wheelbarrow
17:49 Castle Age
16:14 Double-Bit Axe
16:34 Horse Collar
18:59 Hand Cart
27:34 Bow Saw
27:28 Heavy Plow
32:31 Imperial Age
31:28 Scale Mail Armor
31:39 Forging
32:01 Anarchy
32:08 Pikeman
32:49 Squires
33:15 Gold Mining
33:18 Stone Mining
33:41 Perfusion
35:09 Chemistry
35:35 Elite Huskarl
36:58 Chain Mail Armor
38:17 Conscription
39:02 Stone Shaft Mining
38:24 Town Watch
48:48 Spies/Treason
VivaPeron
1:03 Loom
7:36 Feudal Age
8:53 Wheelbarrow
9:01 Double-Bit Axe
13:50 Fletching
24:57 Forging
25:09 Man-at-Arms
31:55 Scale Mail Armor
31:56 Padded Archer Armor
31:52 Gold Mining
31:52 Stone Mining
35:36 Horse Collar
36:28 Scale Barding Armor
42:25 Castle Age
43:46 Bow Saw
43:38 Heavy Plow
43:35 Capped Ram
43:40 Long Swordsman
43:40 Pikeman
44:21 Squires
47:11 Leather Archer Armor
49:06 Iron Casting
48:52 Chain Barding Armor
48:48 Chain Mail Armor
Connection lost

Rejoining the realm…

Still unreachable

The connection could not be restored.

Session expired

The server has moved on; the page needs a fresh start.